 Seeded DCSS version 0.29.1-12-g30fa7ad0bf (webtiles) character file.

Game seed: 9845822215292249863 (custom seed)

25545 Sanktem7 the Warrior (level 12, -1/183 HPs)
             Began as a Minotaur Fighter on Jan 7, 2023.
             Was a High Priest of Okawaru.
             Killed by divine providence
             ... invoked by a meliai
              (11 damage)
             ... on level 4 of the Spider Nest.
             The game lasted 00:31:04 (13293 turns).

Sanktem7 the Warrior (Minotaur Fighter)            Turns: 13293, Time: 00:31:05

Health: -1/183     AC: 42    Str: 43      XL:     12   Next: 90%
Magic:  11/11      EV:  7    Int:  4 (5)  God:    Okawaru [*****.]
Gold:   2087       SH: 10    Dex:  9      Spells: 11/11 levels left

rFire   + + .      SeeInvis .   z - +6 flail (freeze) {mace}
rCold   + . .      Faith    .   s - +0 buckler {rF+}
rNeg    . . .      Spirit   .   w - +11 crystal plate armour of Weirdness {Will+, rare=g}
rPois   +          Reflect  +   (helmet restricted)
rElec   .          Harm     .   M - +2 cloak {rPois}
rCorr   .          Rampage  .   B - +2 pair of gloves
Will    +....                   t - +2 pair of boots
Stlth   ..........              q - amulet "Lium" {Reflect rC+ Str+4 SH+5}
HPRegen 0.40/turn               J - +6 ring of strength
MPRegen 0.12/turn               g - ring of the Grand Plum {rF+ Str+6}

@: berserking (expiring), marked, very quick
A: horns 2, retaliatory headbutt
a: Renounce Religion, Heroism, Finesse, Duel


You were on level 4 of the Spider Nest.
You worshipped Okawaru.
Okawaru was extremely pleased with you.
You visited 4 branches of the dungeon, and saw 17 of its levels.

You collected 2087 gold pieces.


Innate Abilities, Weirdness & Mutations

You have a pair of horns on your head.
You reflexively headbutt those who attack you in melee.


   Skills:
 * Level 16.0 Fighting
 - Level 10.9(13.3) Axes
 - Level 12.3(14.0) Maces & Flails
 - Level 6.0 Throwing
 + Level 10.9 Armour
 - Level 6.0 Shields


You had 11 spell levels left.
You didn't know any spells.
Your spell library contained the following spells:

 Spells                   Type           Power      Damage    Failure   Level
 Magic Dart               Conj           0%         1d3       100%        1
 Poisonous Vapours        Pois/Air       0%         N/A       100%        2
 Scorch                   Fire           0%         2d5       100%        2
 Gell's Gravitas          Tloc           0%         N/A       100%        3
 Lesser Beckoning         Tloc           0%         N/A       100%        3
 Mephitic Cloud           Conj/Pois/Air  0%         N/A       100%        3
 Teleport Other           Tloc           0%         N/A       100%        3
 Corpse Rot               Necr/Pois/Air  0%         N/A       100%        4
 Flame Wave               Conj/Fire      0%         2d4       100%        4
 Call Imp                 Summ           Unusable   N/A       N/A         2
 Summon Cactus Giant      Summ           Unusable   N/A       N/A         6

Inventory:

Hand Weapons
 z - a +6 flail of freezing (weapon) {mace}
   (You took it off a wight on level 7 of the Dungeon)
 U - the +7 battleaxe of the Forging Goat {pain, rElec Str+3 Int+4, axe}
   (Okawaru gifted it to you on level 2 of the Lair of Beasts)

   In the hands of one skilled in necromantic magic, it inflicts extra damage on
   living creatures.
   Str:       It affects your strength (+3).
   Int:       It affects your intelligence (+4).
   rElec:     It insulates you from electricity.
Missiles
 h - 17 boomerangs {throwing}
 j - 2 atropa-tipped darts {throwing}
 n - 53 poisoned darts (quivered) {throwing}
 G - 4 javelins {throwing}
 L - a curare-tipped dart {=fthrowing}
 R - 47 stones {throwing}
Armour
 c - a +1 kite shield of cold resistance
   (Okawaru gifted it to you on level 1 of the Lair of Beasts)
 s - a +0 buckler of fire resistance (worn)
   (You found it on level 2 of the Dungeon)
 t - a +2 pair of boots (worn)
   (You found it on level 2 of the Dungeon)
 w - the +11 crystal plate armour of Weirdness (worn) {Will+, rare=g}
   (You acquired it on level 6 of the Dungeon)

   Will:      It increases your willpower.
 B - a +2 pair of gloves (worn)
   (You found it on level 8 of the Dungeon)
 M - a +2 cloak of poison resistance (worn)
   (Okawaru gifted it to you on level 10 of the Dungeon)
Jewellery
 f - a +4 ring of evasion
   (You found it on level 7 of the Dungeon)
 g - the ring of the Grand Plum (right hand) {rF+ Str+6}
   (You acquired it on level 1 of the Dungeon)

   [ring of strength]

   Str:       It affects your strength (+6).
   rF:        It protects you from fire.
 q - the amulet "Lium" (around neck) {Reflect rC+ Str+4 SH+5}
   (You acquired it on level 1 of the Dungeon)

   [amulet of reflection]

   It reflects blocked missile attacks.
   Str:       It affects your strength (+4).
   rC:        It protects you from cold.
   SH:        It affects your SH (+5).
 H - a ring of fire
   (You found it on level 9 of the Dungeon)
 J - a +6 ring of strength (left hand)
   (You found it on level 10 of the Dungeon)
Wands
 b - a wand of mindburst (10)
   (You found it on level 4 of the Dungeon)
 x - a wand of polymorph (11)
   (You found it on level 6 of the Dungeon)
 C - a wand of light (4)
   (You found it on level 8 of the Dungeon)
 N - a wand of charming (5)
   (You found it on level 1 of the Lair of Beasts)
Scrolls
 a - 2 scrolls of vulnerability {!r!r}
 e - 8 scrolls of teleportation {@r4}
 l - a scroll of poison {!r}
 v - 7 scrolls of butterflies
 y - 2 scrolls of fear
 D - a scroll of magic mapping {!r}
 F - a scroll of blinking {!r}
 O - a scroll of silence {!r}
 T - a scroll of torment {unknown}
Potions
 d - 2 potions of might
 i - 3 potions of magic
 k - a potion of ambrosia
 m - a potion of experience {unknown}
 o - 5 potions of curing {@q1}
 p - 2 potions of heal wounds {@q2}
 r - a potion of flight
 u - 2 potions of brilliance
 A - 2 potions of lignification {!q}
 E - a potion of resistance
 I - 2 potions of haste {@q3}
 K - 2 potions of cancellation
 S - a potion of mutation {unknown}
Miscellaneous
 P - a box of beasts
   (You found it on level 2 of the Lair of Beasts)
 Q - a piece from Xom's chessboard (15/15)
   (You found it on level 1 of the Lair of Beasts)

Dungeon Overview and Level Annotations

Branches:
Dungeon (10/15) Zot: 25867  Temple (1/1) D:4 Zot: 5868    Lair (2/5) D:10 Zot: 8901
 Spider (4/4) Lair:2 Zot: 23911     Orc (0/2) D:10
  Swamp: Lair:2-3    Shoals: Lair:2-3

Altars:
Cheibriados
Dithmenos
Elyvilon
Fedhas
Gozag
Hepliaklqana
Kikubaaqudgha
Makhleb
Okawaru
Sif Muna
Trog
Vehumet
Wu Jian
Xom
Yredelemnul
The Shining One

Shops:
D:10

[ ## #. ##
.### #.....#
#. #.#..##
#..#y...#
#..)@.#
..^...y.^#
..........#
.......#...#
.<.#..^ #.##
.# .##! ##
.. ## #.


You could see a moth of wrath and a meliai.


Message History

You closely miss the meliai.
The moth of wrath bites you but does no damage.
The meliai hits you with a +0 war axe.
* * * LOW HITPOINT WARNING * * *
The meliai stings you but does no damage.
The meliai hits you but does no damage. You block the meliai's attack.
The meliai hits you but does no damage. The meliai stings you.
* * * LOW HITPOINT WARNING * * *
😱 HP[-6]
You take 6 damage, and now have 19/122 hp.
You barely miss the meliai. The meliai barely misses you.
You block the meliai's attack. The meliai hits you but does no damage.
The meliai stings you but does no damage.
The meliai closely misses you. The meliai barely misses you.
The moth of wrath bites you.
* * * LOW HITPOINT WARNING * * *
The moth of wrath infuriates you!
A red film seems to cover your vision as you go berserk!
You feel yourself moving faster!
You feel mighty! You block the meliai's attack. The meliai barely misses you.
The meliai hits you with a +0 war axe.
* * * LOW HITPOINT WARNING * * *
You block the meliai's attack. The meliai hits you but does no damage.
The meliai barely misses you. 😱 HP[+2]
You now have 183 max hp (+61).
You regained 2 hp, and now have 21/183 hp.
You are too berserk!
You are too berserk!
You closely miss the meliai. The moth of wrath barely misses you.
You block the meliai's attack.
The meliai stings you but does no damage.
The meliai barely misses you. You furiously retaliate!
You headbutt the meliai. The meliai closely misses you.
You block the meliai's attack.
The meliai stings you but does no damage.
You closely miss the meliai. The meliai hits you but does no damage.
The meliai stings you but does no damage.
The meliai barely misses you. You block the meliai's attack.
The meliai hits you with a +0 war axe.
* * * LOW HITPOINT WARNING * * *
You block the meliai's attack. 😱 HP[-4]
You take 4 damage, and now have 17/183 hp.
You closely miss the meliai. Your headbutt misses the meliai.
You block the moth of wrath's attack.
You sock the meliai! You freeze the meliai. Your headbutt misses the meliai.
The meliai hits you but does no damage. You block the meliai's attack.
The meliai hits you but does no damage.
The meliai stings you but does no damage.
The meliai hits you but does no damage.
The meliai stings you but does no damage. 😱 HP[+1]
You hit the meliai. You freeze the meliai.
You kill the meliai!
Okawaru accepts your kill. The meliai hits you but does no damage.
The meliai stings you but does no damage.
You block the meliai's attack. x2
The moth of wrath bites you but does no damage.
You feel your dexterity returning. The meliai attacks as you move away!
The meliai hits you but does no damage.
The meliai stings you but does no damage.
The meliai hits you with a +0 war axe.
* * * LOW HITPOINT WARNING * * *
The meliai closely misses you.
The meliai calls down the wrath of its god upon you.
Something smites you!
* * * LOW HITPOINT WARNING * * *
The meliai hits you but does no damage. You block the meliai's attack.
There is a stone staircase leading down here.
Things that are here:
a +0 hand axe {axe}; a +0 leather armour 😱 HP[-9]
You take 9 damage, and now have 9/183 hp.
You can't go up here!
You can't go up here!
You feel a strong urge to attack something.
You block the meliai's attack. x2; The meliai closely misses you.
The meliai stings you but does no damage.
You climb downwards.
A sourceless malevolence fills the Spider Nest...
With a horrendous wail, an alarm goes off!
A sentinel's mark forms upon you.
You hear a skittering sound.
You hear a faint skittering sound.
You hear a shout!
You hear a faint skittering sound.
You hear a hideous shriek!
You hear a faint skittering sound. x5; You hear an angry buzzing noise.
You hear a faint skittering sound.
You hear a shout!
You hear an angry buzzing noise. x2; You hear a faint skittering sound.
You hear a chilling moan.
You hear a faint skittering sound.
You hear a shout!
You hear a chilling moan.
You hear a faint skittering sound. x2
You hear a shout!
You hear a chilling moan.
You hear a faint skittering sound.
You hear a skittering sound.
Found 3 potions of haste.
Found a stone staircase leading up.
There is a stone staircase leading up here.
You bludgeon the meliai!! You freeze the meliai.
You kill the meliai!
Okawaru accepts your kill.
The meliai invokes the aid of its god against you.
Something smites you!
You die...

Skill      XL: |  1  2  3  4  5  6  7  8  9 10 11 12 |
---------------+-------------------------------------+-----
Fighting       | 4 5 7 8 9 11 13 16 | 16.0
Axes           | 3 4 6 9 10 | 10.9
Armour         | 4 5 7 8 9 10 | 10.9
Shields        | 4 5 6 |  6.0
Throwing       | 3 4 6 |  6.0
Maces & Flails | 4 7 11 12 | 12.3

Action                   |  1- 3 |  4- 6 |  7- 9 | 10-12 || total
-------------------------+-------+-------+-------+-------++-------
Melee: War axe           |    63 |   120 |   140 |       ||   323
       Headbutt          |     4 |    22 |    33 |    92 ||   151
       Flail             |       |       |    76 |   501 ||   577
Throw: Dart              |       |       |       |     2 ||     2
  Use: Scroll            |     3 |     2 |    14 |    11 ||    30
       Potion            |       |       |     1 |     3 ||     4
Armor: Scale mail        |    24 |    16 |       |       ||    40
       Chain mail        |       |    38 |    66 |       ||   104
       Crystal plate arm |       |       |    61 |   505 ||   566
Dodge: Dodged            |    29 |    33 |    72 |   204 ||   338
Block: Buckler           |    20 |    59 |   107 |   298 ||   484
       Reflection        |       |     1 |     2 |     4 ||     7

Levels and vault maps discovered:
D:1:      giann_bridges, layout_basic
D:2:      layout_loops_cross, ebering_ecumenical_altar_hall
D:3:      layout_basic, uniq_natasha
D:4:      layout_loops_ring, lemuel_temple_firewalk_a, uniq_pikel,
          uniq_eustachio, uniq_menkaure
D:5:      layout_cave_pods, kennysheep_mini_moat
D:6:      layout_basic, serial_bayou_crossing, uniq_grinder
D:7:      layout_cave_pools, ebering_ghost_gozag, grunt_ministairs_3
D:8:      layout_basic, minitemple
D:9:      layout_long_grid
D:10:     layout_loops_cross, mainiacjoe_overflow_brackets,
          erik_lair_orcish_takeover, orc_david_3
Temple:   eino_temple_scatter_basement
Lair:1:   layout_gridlike, nicolae_quartered_pool_super,
          chequers_serial_rivers_small_b
Lair:2:   layout_cave_pods, spider_nest_entry_web_field, grunt_megastairs_2,
          lemuel_fruit_tree, infiniplex_staircase_pool_2
Spider:1: layout_spider_delve, ebering_ghost_rock_garden,
          nicolae_spider_nooks_and_crannies
Spider:2: layout_spider_delve, uniq_roxanne
Spider:3: spiders_nest_scorpion_pit, uniq_jorgrun
Spider:4: guppyfry_spider_rune

Notes
Turn   | Place    | Note
-------+----------+-------------------------------------------
     0 | D:1      | Sanktem7 the Minotaur Fighter began the quest for the Orb.
     0 | D:1      | Reached XP level 1. HP: 19/19 MP: 0/0
     0 | D:1      | magus.rc [v1.9.6]
   211 | D:1      | Reached XP level 2. HP: 25/27 MP: 1/1
   309 | D:1      | Reached skill level 4 in Fighting
   309 | D:1      | Reached skill level 3 in Axes
   384 | D:1      | Reached XP level 3. HP: 33/33 MP: 2/2
   639 | D:1      | Identified 3 scrolls of acquirement
   639 | D:1      | Acquired the amulet "Lium" {Reflect rC+ Str+4 SH+5}
   641 | D:1      | Acquired 1146 gold pieces
   642 | D:1      | Acquired the ring of the Grand Plum {rF+ Str+6}
   685 | D:2      | Reached skill level 4 in Armour
   685 | D:2      | Reached skill level 4 in Shields
   687 | D:2      | Found a faded altar of an unknown god.
   961 | D:2      | You pick up a book of Displacement and begin reading...
   961 | D:2      | You add the spells Lesser Beckoning, Gell's Gravitas and
                  | Teleport Other to your library.
  1323 | D:2      | Reached XP level 4. HP: 41/41 MP: 3/3
  1638 | D:3      | Reached skill level 4 in Axes
  1689 | D:3      | Found the +4 robe of Augmentation {Str+4 Int+4 Dex+4}
  1720 | D:3      | Noticed Natasha
  1725 | D:3      | Killed Natasha
  1726 | D:3      | Reached skill level 5 in Fighting
  1726 | D:3      | Reached XP level 5. HP: 48/48 MP: 4/4
  2224 | D:3      | Noticed Natasha
  2239 | D:3      | Killed Natasha
  2609 | D:4      | Reached XP level 6. HP: 24/56 MP: 5/5
  2841 | D:4      | Noticed Eustachio
  2855 | D:4      | Killed Eustachio
  2856 | D:4      | Reached skill level 5 in Axes
  2856 | D:4      | Reached skill level 5 in Shields
  3151 | D:4      | Noticed Pikel
  3157 | D:4      | Killed Pikel
  3157 | D:4      | Noticed Menkaure
  3158 | D:4      | Reached skill level 7 in Fighting
  3158 | D:4      | Reached skill level 6 in Axes
  3158 | D:4      | Reached skill level 5 in Armour
  3158 | D:4      | Reached XP level 7. HP: 52/66 MP: 6/6
  3163 | D:4      | HP: 10/66 [??? (8)]
  3165 | D:4      | Killed Menkaure
  3445 | D:4      | Found a staircase to the Ecumenical Temple.
  3455 | Temple   | Entered the Ecumenical Temple
  3524 | Temple   | Became a worshipper of Warmaster Okawaru
  3991 | D:5      | Entered Level 5 of the Dungeon
  4054 | D:5      | Reached XP level 8. HP: 73/73 MP: 7/7
  4060 | D:5      | Reached skill level 7 in Axes
  4066 | D:5      | Reached skill level 6 in Shields
  4068 | D:5      | Reached skill level 6 in Armour
  4370 | D:5      | Reached skill level 8 in Fighting
  4587 | D:5      | HP: 18/74 [poisoned by a gnoll]
  4909 | D:5      | Found an ancient bone altar of Kikubaaqudgha.
  4969 | D:5      | Reached skill level 8 in Axes
  5548 | D:5      | Reached skill level 7 in Armour
  5572 | D:6      | Reached * piety under Okawaru
  5573 | D:6      | Reached skill level 9 in Axes
  5786 | D:6      | Reached XP level 9. HP: 81/81 MP: 8/8
  5796 | D:6      | You pick up a book of Minor Magic and begin reading...
  5796 | D:6      | You add the spells Magic Dart and Mephitic Cloud to your
                  | library.
  5824 | D:6      | You pick up a book of Vapours and begin reading...
  5824 | D:6      | You add the spells Poisonous Vapours and Corpse Rot to your
                  | library.
  5936 | D:6      | Noticed Grinder
  5948 | D:6      | Killed Grinder
  5949 | D:6      | Reached skill level 1 in Throwing
  6229 | D:6      | Acquired the +11 crystal plate armour of Weirdness {Will+}
  6230 | D:6      | w - the +11 crystal plate armour of Weirdness {Will+,
                  | rare=g}
  6241 | D:6      | You finish putting on the +11 crystal plate armour of
                  | Weirdness {Will+, rare=g}.
  6372 | D:7      | Reached ** piety under Okawaru
  6402 | D:7      | Reached skill level 10 in Axes
  6402 | D:7      | Reached skill level 1 in Maces & Flails
  6402 | D:7      | Reached skill level 2 in Throwing
  6406 | D:7      | Reached skill level 9 in Fighting
  6498 | D:7      | Found a runed translucent gate.
  6567 | D:7      | Reached skill level 2 in Maces & Flails
  6789 | D:7      | Found a runed translucent gate.
  6789 | D:7      | Found an opulent altar of Gozag.
  6790 | D:7      | Found a runed translucent gate.
  6792 | D:7      | Noticed Xeneth's ghost (novice MiFi)
  6991 | D:7      | Killed Xeneth's ghost
  6992 | D:7      | Reached skill level 3 in Maces & Flails
  6992 | D:7      | Reached skill level 8 in Armour
  7171 | D:8      | Reached skill level 3 in Throwing
  7174 | D:8      | Reached skill level 4 in Maces & Flails
  7192 | D:8      | Reached *** piety under Okawaru
  7193 | D:8      | Reached XP level 10. HP: 93/93 MP: 9/9
  7253 | D:8      | You pick up a book of Scorching and begin reading...
  7253 | D:8      | You add the spells Scorch and Flame Wave to your library.
  7304 | D:8      | Found a white marble altar of Elyvilon.
  7377 | D:8      | Reached skill level 10 in Fighting
  7728 | D:8      | Reached skill level 5 in Maces & Flails
  7855 | D:8      | Found an ornate altar of the Wu Jian Council.
  7855 | D:8      | Found a shadowy altar of Dithmenos.
  7860 | D:8      | Found a blossoming altar of Fedhas.
  8111 | D:9      | Reached **** piety under Okawaru
  8118 | D:9      | Reached skill level 6 in Maces & Flails
  8121 | D:9      | Reached skill level 4 in Throwing
  8200 | D:9      | Noticed a boulder beetle
  8212 | D:9      | Killed a boulder beetle
  8212 | D:9      | Reached ***** piety under Okawaru
  8213 | D:9      | Reached skill level 9 in Armour
  8424 | D:9      | Received a gift from Okawaru
  8425 | D:9      | Reached skill level 11 in Fighting
  8920 | D:10     | Entered Level 10 of the Dungeon
  9164 | D:10     | Reached skill level 7 in Maces & Flails
  9185 | D:10     | Received a gift from Okawaru
  9393 | D:10     | Found a staircase to the Lair.
  9400 | D:10     | Reached XP level 11. HP: 91/102 MP: 10/10
  9430 | D:10     | Reached skill level 5 in Throwing
  9652 | D:10     | Reached skill level 8 in Maces & Flails
  9716 | D:10     | Found a staircase to the Orcish Mines.
  9718 | D:10     | Found Wacaff's Armour Shop.
  9741 | D:10     | Reached skill level 12 in Fighting
  9907 | D:10     | Found a radiant altar of Vehumet.
 10058 | Lair:1   | Entered Level 1 of the Lair of Beasts
 10181 | Lair:1   | Noticed an eight-headed hydra
 10187 | Lair:1   | Killed an eight-headed hydra
 10212 | Lair:1   | Reached skill level 9 in Maces & Flails
 10400 | Lair:1   | Noticed a four-headed hydra
 10407 | Lair:1   | Killed a four-headed hydra
 10669 | Lair:1   | Reached skill level 6 in Throwing
 10670 | Lair:1   | Reached skill level 13 in Fighting
 10786 | Lair:1   | Reached skill level 10 in Maces & Flails
 11275 | Lair:2   | Noticed a catoblepas
 11302 | Lair:1   | Received a gift from Okawaru
 11474 | Lair:2   | Killed a catoblepas
 11475 | Lair:2   | Reached skill level 11 in Maces & Flails
 11475 | Lair:2   | Reached XP level 12. HP: 112/116 MP: 11/11
 11629 | Lair:2   | Reached skill level 14 in Fighting
 11823 | Lair:2   | Found a hole to the Spider Nest.
 12537 | Spider:1 | Entered Level 1 of the Spider Nest
 12537 | Spider:1 | Noticed a boulder beetle
 12565 | Lair:2   | Reached skill level 12 in Maces & Flails
 12871 | Spider:1 | Killed a boulder beetle
 12873 | Spider:1 | Noticed an emperor scorpion
 12879 | Spider:1 | Reached skill level 10 in Armour
 12893 | Lair:2   | Killed an emperor scorpion
 12893 | Lair:2   | Identified the +7 battleaxe of the Forging Goat {pain,
                  | rElec Str+3 Int+4} (Okawaru gifted it to you on level 2 of
                  | the Lair of Beasts)
 12893 | Lair:2   | Received a gift from Okawaru
 12894 | Lair:2   | Reached skill level 15 in Fighting
 12894 | Lair:2   | HP: 22/119 [demonic crawler (8)]
 12902 | Lair:2   | HP: 30/121 [something (7)]
 12908 | Lair:2   | HP: 27/121 [something (4)]
 12909 | Lair:2   | Killed a ghost moth
 13232 | Spider:1 | Noticed a spark wasp
 13238 | Spider:2 | Noticed a jorogumo
 13243 | Spider:2 | Killed a jorogumo
 13269 | Spider:3 | Noticed Jorgrun
 13280 | Spider:3 | HP: 28/122 [moth of wrath (9)]
 13281 | Spider:3 | Killed Jorgrun
 13281 | Spider:3 | HP: 8/122 [meliai/divine providence (10)]
 13281 | Spider:3 | HP: 3/122 [meliai/+0 hand axe (5)]
 13282 | Spider:3 | Reached skill level 16 in Fighting
 13286 | Spider:3 | HP: 17/183 [meliai/+0 war axe (4)]
 13292 | Spider:4 | Entered Level 4 of the Spider Nest
 13293 | Spider:4 | Killed from afar by a meliai

Vanquished Creatures
  Jorgrun (Spider:3)
  An emperor scorpion (Lair:2)
  A ghost moth (Lair:2)
  2 hydras (Lair:1)
  A jorogumo (Spider:2)
  2 boulder beetles
  A catoblepas (Lair:2)
  The ghost of Xeneth the Protected, a novice MiFi of the Shining One (D:7)
  A steelbarb worm (Spider:1)
  Pikel (D:4)
  A black mamba (Lair:1)
  4 elephants (Lair:1)
  3 demonic crawlers
  2 cane toads (Lair:2)
  A rime drake (Lair:1)
  2 komodo dragons
  A polar bear (Lair:2)
  A troll (D:9)
  2 meliai
  Grinder (D:6)
  4 tarantellas
  2 culicivoras (Spider:1)
  A wyvern (Lair:1)
  32 yaks
  Eustachio (D:4)
  5 redbacks
  3 steam dragons (D:8)
  A basilisk (Lair:2)
  Menkaure (D:4)
  3 wargs (D:10)
  5 water moccasins
  3 orc warriors
  An ice beast (D:5)
  A black bear (D:5)
  A sky beast (D:7)
  3 ogres
  3 wolves (Lair:2)
  2 centaurs (D:7)
  8 kobold brigands
  2 lemures (D:4)
  A necrophage (D:5)
  15 bullfrogs
  3 scorpions
  7 wights
  7 howler monkeys
  An electric eel (Lair:1)
  2 jellies
  3 hounds
  2 gnoll boudas
  7 orc priests
  2 iguanas
  Natasha (twice) (D:3)
  10 orc wizards
  7 adders
  15 gnolls
  A shadow imp (D:7)
  2 ufetubi (D:5)
  2 worms
  2 dart slugs (D:1)
  43 orcs
  7 ball pythons
  8 bats
  8 endoplasms
  3 giant cockroaches
  3 goblins
  4 hobgoblins
  4 jackals (D:5)
  45 kobolds
  7 quokkas
  4 frilled lizards
  5 rats
344 creatures vanquished.

Vanquished Creatures (others)
  An orc wizard (D:4)
  A kobold (D:8)
  2 fungi
  7 plants
11 creatures vanquished.

Grand Total: 355 creatures vanquished

Table legend:
 A = Non-vault XP
 B = Vault XP
 C = Vault XP percentage of total XP
 D = Non-vault monster count
 E = Vault monster count
 F = Vault count percentage of total count
                 A         B        C        D         E       F
            +---------+---------+-------+---------+---------+-------
      Total |   28432 |    8366 |  22.7 |     304 |      39 |  11.4
            +---------+---------+-------+---------+---------+-------
        D:1 |      49 |       0 |   0.0 |      19 |       0 |   0.0
        D:2 |      60 |       0 |   0.0 |      14 |       0 |   0.0
        D:3 |     119 |      35 |  22.7 |      23 |       1 |   4.2
        D:4 |     142 |     968 |  87.2 |      20 |       3 |  13.0
        D:5 |    1121 |       0 |   0.0 |      47 |       0 |   0.0
        D:6 |     414 |     277 |  40.1 |       8 |       1 |  11.1
        D:7 |     925 |    1097 |  54.3 |      17 |      10 |  37.0
        D:8 |    1353 |       0 |   0.0 |      33 |       0 |   0.0
        D:9 |    3015 |       0 |   0.0 |      35 |       0 |   0.0
       D:10 |    2798 |     945 |  25.2 |      23 |      16 |  41.0
     Lair:1 |    5887 |    1900 |  24.4 |      25 |       4 |  13.8
     Lair:2 |    7205 |    1367 |  15.9 |      25 |       3 |  10.7
   Spider:1 |    3426 |       0 |   0.0 |      10 |       0 |   0.0
   Spider:2 |    1331 |       0 |   0.0 |       3 |       0 |   0.0
   Spider:3 |     283 |    1777 |  86.3 |       1 |       1 |  50.0
   Spider:4 |     304 |       0 |   0.0 |       1 |       0 |   0.0
            +---------+---------+-------+---------+---------+-------

Illustrated notes

Table legend:
 A = Kills in this place as a percentage of kills in entire the game.
 B = Kills by you in this place as a percentage of kills by you in the entire game.
 C = Kills by friends in this place as a percentage of kills by friends in the entire game.
 D = Other kills in this place as a percentage of other kills in the entire game.
 E = Experience gained in this place as a percentage of experience gained in the entire game.
 F = Experience gained in this place divided by the number of levels of this place that you have seen.
                   A       B       C       D       E      F
               +-------+-------+-------+-------+-------+----------------------
         Total | 100.0 | 100.0 |   N/A | 100.0 | 100.0 | 2164.6
       Dungeon |  78.7 |  78.7 |   N/A | 100.0 |  36.2 | 1331.8
          Lair |  16.6 |  16.7 |   N/A |   0.0 |  44.5 | 8179.5
   Spider Nest |   4.7 |   4.7 |   N/A |   0.0 |  19.4 | 1780.2
               +-------+-------+-------+-------+-------+----------------------

Table legend: (Time is in decaauts)
 A = Elapsed time spent in this place.
 B = Non-inter-level travel time spent in this place.
 C = Inter-level travel time spent in this place.
 D = Time resting spent in this place.
 E = Time spent auto-exploring this place.
 F = Levels seen in this place.
 G = Mean time per level.
                   A        B        C        D        E       F      G
               +--------+--------+--------+--------+--------+-----+--------+
         Total |  13334 |  12960 |    374 |    864 |  10144 |  17 |  784.4 |
       Dungeon |  10016 |   9719 |    297 |    124 |   8157 |  10 | 1001.6 |
        Temple |    131 |    131 |      0 |      0 |     39 |   1 |  131.0 |
          Lair |   3098 |   3021 |     77 |    740 |   1948 |   2 | 1549.0 |
   Spider Nest |     87 |     87 |      0 |      0 |      0 |   4 |   21.8 |
               +--------+--------+--------+--------+--------+-----+--------+

Top non-repeatable levels by time:
  Lair:2: 1736 daAuts
     D:5: 1583 daAuts
  Lair:1: 1361 daAuts
     D:4: 1325 daAuts
    D:10: 1132 daAuts
     D:3: 1118 daAuts
     D:9: 977 daAuts
     D:7: 908 daAuts
     D:2: 806 daAuts
     D:8: 784 daAuts
     D:6: 709 daAuts
     D:1: 670 daAuts
  Temple: 131 daAuts
Spider:1: 42 daAuts
Spider:3: 24 daAuts
